 Dungeon Crawl Stone Soup version 0.21-a0-215-g0631661 (webtiles) character file.

504 Leszczynek the Ruffian (level 6, -12/55 HPs)
             Began as a Troll Skald on Aug 22, 2017.
             Mangled by an ogre
             ... wielding a +0 giant club
              (27 damage)
             ... on level 5 of the Dungeon.
             The game lasted 00:06:16 (1046 turns).

Leszczynek the Ruffian (Troll Skald)                Turns: 1046, Time: 00:06:16

Health: -12/55     AC:  5    Str: 20    XL:     6   Next: 96%
Magic:  4/6        EV: 10    Int: 10    God:
Gold:   9          SH:  0    Dex: 10    Spells: 4/7 levels left

rFire    . . .     SeeInvis .     - Unarmed
rCold    . . .     Gourm    +   (no shield)
rNeg     . . .     Faith    .   a - +0 robe
rPois    .         Spirit   .   (helmet restricted)
rElec    .         Reflect  .   (no cloak)
rCorr    .         Harm     .   (gloves unavailable)
MR       .....                  (boots unavailable)
Stlth    +.........             (no amulet)
HPRegen  0.58/turn              (no ring)
MPRegen  0.10/turn              (no ring)

@: very slightly contaminated
A: unfitting armour, claws 3, fast metabolism 3, gourmand, regeneration 1,
shaggy fur 1, tough skin 2
a: no special abilities


You were on level 5 of the Dungeon.
You were not hungry.

You visited 1 branch of the dungeon, and saw 5 of its levels.
You also visited: Sewer.

You collected 58 gold pieces.
You spent 49 gold pieces at shops.

Inventory:

Hand Weapons
 k - a +0 blowgun
Missiles
 q - 2 curare-tipped needles
 r - 2 throwing nets (quivered)
Armour
 a - a +0 robe (worn)
Wands
 u - a wand of confusion (24/48)
Scrolls
 c - 2 scrolls of identify {@r1}
 e - 2 scrolls of remove curse {unknown}
 h - a scroll of amnesia {unknown}
 l - 2 scrolls of teleportation {unknown}
 m - 2 scrolls of fear {unknown}
 o - a scroll of blinking {unknown}
 v - a scroll of noise {unknown}
 x - a scroll of enchant armour {unknown}
Potions
 f - a potion of haste {unknown}
 g - a potion of resistance {unknown}
 i - a potion of might {unknown}
 j - 3 potions of curing {@q1}
 n - 2 potions of magic {unknown}
 w - a potion of degeneration {unknown}
Books
 b - a book of Battle

   Spells                             Type                      Level
   a - Infusion                       Charms                       1
   b - Shroud of Golubria             Charms/Translocation         2
   c - Song of Slaying                Charms                       2
   d - Spectral Weapon                Hexes/Charms                 3
   e - Regeneration                   Charms/Necromancy            3
 t - a book of Necromancy

   Spells                             Type                      Level
   a - Pain                           Necromancy                   1
   b - Animate Skeleton               Necromancy                   1
   c - Vampiric Draining              Necromancy                   3
   d - Regeneration                   Charms/Necromancy            3
   e - Animate Dead                   Necromancy                   4
   f - Control Undead                 Necromancy                   4
Comestibles
 d - 3 bread rations
 p - a royal jelly
 s - 2 chunks of flesh


   Skills:
 - Level 1.5 Fighting
 - Level 1.9 Dodging
 + Level 7.6 Unarmed Combat
 - Level 1.2 Spellcasting
 - Level 2.0 Charms


You had 4 spell levels left.
You knew the following spells:

 Your Spells              Type           Power        Failure   Level  Hunger
a - Infusion              Chrm           #...         16%         1    ##.....
b - Shroud of Golubria    Chrm/Tloc      #.........   34%         2    ###....


Dungeon Overview and Level Annotations

Branches:
Dungeon (5/15)
 Temple: D:4-7

Altars:

Shops:
D:4 *


Innate Abilities, Weirdness & Mutations

You are too large for most types of armour.
You have claws for hands.
Your metabolism is lightning-fast.
You like to eat raw meat.
Your natural rate of healing is unusually fast.
You are covered in fur. (AC +1)
You have very tough skin. (AC +2)


Message History

You scratch the ogre.
The ogre is lightly wounded.
The ogre closely misses you.
You claw the ogre!
The ogre is moderately wounded.
The ogre hits you with a giant club!
You barely miss the ogre.
The ogre is moderately wounded.
You barely miss the ogre.
The ogre is moderately wounded.
The ogre barely misses you.
You claw the ogre!
The ogre is almost dead.
The ogre hits you with a giant club!!
You barely miss the ogre.
The ogre is almost dead.
You scratch the ogre but do no damage.
The ogre is almost dead.
The ogre hits you with a giant club!!
You die...

#.##.# #####.#####
#.##.###.........#
####..).#>..........#
#.......#.#..<......#
#.........###########
#.......### #......##
####'### #@# #O#
####S# ######....#
........###
...?..$S.# ..♣......#
#.# ♣PP####.# ..# .≈≈
.#


You could see an ogre and an adder.

Vanquished Creatures
  An ogre (D:4)
  3 big kobolds (Sewer)
  A howler monkey (D:4)
  2 iguanas (D:4)
  2 worker ants
  2 adders (Sewer)
  2 river rats (Sewer)
  An ooze (Sewer)
  2 worms (Sewer)
  A dart slug (D:4)
  An orc (D:4)
  A bat (D:1)
  A hobgoblin (D:1)
  7 kobolds (Sewer)
  3 ball pythons
  3 frilled lizards
  2 goblins
  6 rats
41 creatures vanquished.

Notes
Turn   | Place    | Note
-------+----------+-------------------------------------------
     0 | D:1      | Leszczynek the Troll Skald began the quest for the Orb.
     0 | D:1      | Reached XP level 1. HP: 19/19 MP: 1/1
   147 | D:4      | Noticed a howler monkey
   156 | D:4      | Killed a howler monkey
   156 | D:4      | Reached skill level 3 in Unarmed Combat
   156 | D:4      | Reached XP level 2. HP: 26/27 MP: 2/2
   156 | D:4      | Reached XP level 3. HP: 32/33 MP: 3/3
   174 | D:4      | Learned a level 2 spell: Shroud of Golubria
   193 | D:4      | Reached skill level 4 in Unarmed Combat
   193 | D:4      | Reached XP level 4. HP: 29/41 MP: 1/4
   265 | D:4      | Found a glowing drain.
   284 | Sewer    | Entered a sewer
   302 | Sewer    | Reached skill level 5 in Unarmed Combat
   356 | Sewer    | Noticed a big kobold
   370 | Sewer    | Killed a big kobold
   370 | Sewer    | Reached XP level 5. HP: 38/48 MP: 5/5
   418 | Sewer    | Reached skill level 6 in Unarmed Combat
   600 | Sewer    | Reached XP level 6. HP: 49/55 MP: 6/6
   654 | D:4      | Reached skill level 7 in Unarmed Combat
   784 | D:5      | Entered Level 5 of the Dungeon
   857 | D:4      | Found Imynoera's Assorted Antiques.
   875 | D:4      | Bought a scroll labeled VASERIM WOUSTYN for 26 gold pieces
   875 | D:4      | Bought an inky potion for 23 gold pieces
  1046 | D:5      | Mangled by an ogre

Vault maps used:
D:1:      giann_horns, minmay_close_crescents
D:2:      first_bread, uniq_jessica
D:4:      serial_shops, shop, portal_sewer_entry_c
D:5:      grunt_gozag_statues, serial_bayou, serial_bayou_pond_d,
          serial_bayou_pond_e, serial_bayou_pond_a, serial_bayou_lagoon_a,
          serial_shops, shop, lemuel_flame_loot_1
Sewer:    sewer_co_15_rooms

Skill      XL: |  1  2  3  4  5  6 |
---------------+-------------------+-----
Unarmed Combat | 3 4 5 6 7 |  7.6
Fighting       | |  1.5
Dodging        | |  1.9
Spellcasting   | |  1.2
Charms         | |  2.0

Action                   |  1- 3 |  4- 6 || total
-------------------------+-------+-------++-------
Melee: Unarmed           |    35 |   105 ||   140
       Punch             |     1 |     2 ||     3
 Cast: Shroud of Golubri |       |     4 ||     4
  Use: Potion            |       |     2 ||     2
       Scroll            |       |     1 ||     1
 Stab: Sleeping          |       |     1 ||     1
  Eat: Chunk             |     4 |     8 ||    12
Armor: Robe              |     9 |    17 ||    26
Dodge: Dodged            |    18 |    35 ||    53

Table legend:
 A = Spawn XP
 B = Non-spawn XP
 C = Spawn XP percentage of total XP
 D = Spawn monster count
 E = Non-spawn monster count
 F = Spawn count percentage of total count
 G = Total turns spent on level
                    A         B        C        D         E        F      G
               +---------+---------+-------+---------+---------+-------+---------
         Total |       0 |     721 |   0.0 |       0 |      41 |   0.0 |  1046
               +---------+---------+-------+---------+---------+-------+---------
           D:1 |       0 |       7 |   0.0 |       0 |       5 |   0.0 |   102
           D:3 |       0 |       2 |   0.0 |       0 |       1 |   0.0 |    68
           D:4 |       0 |     294 |   0.0 |       0 |      14 |   0.0 |   460
           D:5 |       0 |      34 |   0.0 |       0 |       1 |   0.0 |    54
         Sewer |       0 |     384 |   0.0 |       0 |      20 |   0.0 |   336
               +---------+---------+-------+---------+---------+-------+---------
